 Dungeon Crawl Stone Soup version 0.20.0-15-g7f486f2 (webtiles) character file.

16 Groucho the Sneak (level 2, 0/13 HPs)
             Began as a Spriggan Enchanter on June 18, 2017.
             Slain by a rat (1 damage)
             ... on level 1 of the Dungeon.
             The game lasted 00:01:13 (1105 turns).

Groucho the Sneak (Spriggan Enchanter)              Turns: 1105, Time: 00:01:13

Health: 0/13       AC:  2    Str:  4    XL:     2   Next: 41%
Magic:  3/7        EV: 18    Int: 16    God:
Gold:   10         SH:  0    Dex: 16    Spells: 4/7 levels left

rFire    . . .     SeeInvis +   a - +1 dagger
rCold    . . .     Gourm    .   (shield restricted)
rNeg     . . .     Faith    .   b - +0 robe
rPois    .         Spirit   .   (helmet restricted)
rElec    .         Reflect  .   (no cloak)
rCorr    .         Harm     .   (gloves unavailable)
MR       .....                  (boots unavailable)
Stlth    +++.......             (no amulet)
Regen    0.1/turn               (no ring)
MPRegen  0.1/turn               (no ring)

@: very quick
A: unfitting armour, see invisible, herbivore 3, speed 3, slow metabolism 2
a: no special abilities


You were on level 1 of the Dungeon.
You were not hungry.

You visited 1 branch of the dungeon, and saw 1 of its levels.

You collected 10 gold pieces.

Inventory:

Hand Weapons
 a - a +1 dagger (weapon)
Armour
 b - a +0 robe (worn)
Scrolls
 e - 2 scrolls of identify {unknown}
 f - a scroll of amnesia {unknown}
Books
 c - a book of Maledictions

   Spells                             Type                      Level
   a - Corona                         Hexes                        1
   b - Ensorcelled Hibernation        Hexes/Ice                    2
   c - Confuse                        Hexes                        3
   d - Tukima's Dance                 Hexes                        3
   e - Dazzling Spray                 Conjuration/Hexes            3
Comestibles
 d - a bread ration


   Skills:
 - Level 1.1 Short Blades
 - Level 3.0 Dodging
 * Level 5.2 Stealth
 + Level 3.1 Spellcasting
 + Level 3.7 Hexes


You had 4 spell levels left.
You knew the following spells:

 Your Spells              Type           Power        Failure   Level  Hunger
a - Corona                Hex            ##.....      3%          1    None
b - Ensorcelled Hibernat  Hex/Ice        #.....       13%         2    ##.....


Dungeon Overview and Level Annotations

Branches:
Dungeon (1/15)

Altars:


Innate Abilities, Weirdness & Mutations

You are very small and have problems with some larger weapons.
You are too small for most types of armour.
You have supernaturally acute eyesight. (SInv)
You are a herbivore.
You cover ground extremely quickly.
You need consume almost no food.


Message History

The goblin is almost dead.
The goblin hits you with a club.
* * * LOW HITPOINT WARNING * * *
Casting: Ensorcelled Hibernation
Confirm with . or Enter, or press ? or * to list all spells.
Aiming: Ensorcelled Hibernation
Press: ? - help, Shift-Dir - straight line, f - goblin
Aim: a goblin, wielding a club (almost dead, chance to defeat MR: 57%)
The goblin looks drowsy...
The helpless goblin fails to defend itself.
You impale the goblin!!
You kill the goblin!
Casting: Ensorcelled Hibernation
Confirm with . or Enter, or press ? or * to list all spells.
Aiming: Ensorcelled Hibernation
Press: ? - help, Shift-Dir - straight line, f - rat
Aim: a rat (chance to defeat MR: 57%)
The rat resists with significant effort.
The rat bites you.
You die...

.#######..######
................
#######...######
#.....#.......#
#.8.8.#..####...
...8..#..##### .
..8.8.#.†....# #
......#.####.#######.#####
⌠.###.#.# #....@rg.......
..#.#.### #######†....$..
..#<'.# ......... ..#.#.#
##........ ⌠.###.#
#........ ).....#
#..$..... ..8.8.#
######### ...8..# #.8.8.#


You could see a hobgoblin and a rat.

Vanquished Creatures
  A ball python (D:1)
  A giant cockroach (D:1)
  A goblin (D:1)
  2 hobgoblins (D:1)
  3 jackals (D:1)
  4 bats (D:1)
  A frilled lizard (D:1)
  A kobold (D:1)
14 creatures vanquished.

Notes
Turn   | Place    | Note
-------+----------+-------------------------------------------
     0 | D:1      | Groucho the Spriggan Enchanter began the quest for the Orb.
     0 | D:1      | Reached XP level 1. HP: 9/9 MP: 5/5
   108 | D:1      | Reached skill level 5 in Stealth
   114 | D:1      | Reached XP level 2. HP: 7/13 MP: 6/6
   728 | D:1      | Learned a level 2 spell: Ensorcelled Hibernation
  1105 | D:1      | Slain by a rat

Skill      XL: |  1  2 |
---------------+-------+-----
Stealth        | 5 |  5.2
Spellcasting   | 3 |  3.1
Short Blades   | |  1.1
Dodging        | |  3.0
Hexes          | |  3.7

Action                   || total
-------------------------++-------
Melee: Dagger            ||    75
 Cast: Ensorcelled Hiber ||     3
 Stab: Sleeping          ||     4
Armor: Robe              ||    16
Dodge: Dodged            ||    67
